 Dungeon Crawl Stone Soup version 0.15.0-29-ga8e3430 (webtiles) character file.

6342 Nebuchadnezzar the Archer (level 10, -5/94 HPs)
             Began as a Centaur Hunter on Sept 12, 2014.
             Was an Elder of Okawaru.
             Slain by a black mamba (7 damage)
             ... on Level 1 of the Lair of Beasts.
             The game lasted 01:01:49 (10509 turns).

Nebuchadnezzar the Archer (Centaur Hunter)         Turns: 10509, Time: 01:01:49

HP  -5/94        AC 14     Str 16      XL: 10   Next: 64%
MP  20/22        EV 10     Int 10      God: Okawaru [****..]
Gold 257         SH  0     Dex 12      Spells:  0 memorised,  9 levels left

rFire  . . .     SeeInvis .     r - +1 flail (drain)
rCold  . . .     Clarity  .     q - -1 ring mail (curse)
rNeg   . . .     rCorr    .     (no shield)
rPois  .         rRot     .     (no helmet)
rElec  .         Spirit   .     m - +1 cloak
SustAb .         Warding  .     o - +0 pair of gloves
rMut   .         Stasis   .     (no barding)
Gourm  .                        N - cursed amulet of inaccuracy
MR     .....                    (no ring)
                                I - +5 ring of protection

@: lethally poisoned, heroism, very quick, not resistant to hostile
enchantments, very unstealthy
A: hooves 3, deformed body, speed 2, tough skin 3
a: Heroism, Renounce Religion


You were on level 1 of the Lair of Beasts.
You worshipped Okawaru.
Okawaru was greatly pleased with you.
You were hungry.

You visited 2 branches of the dungeon, and saw 9 of its levels.

You collected 450 gold pieces.
You spent 193 gold pieces at shops.

Inventory:

Hand weapons
 a - a +0 short sword
 b - a +1 shortbow
 d - a +1 shortbow
 l - a +0 whip
 n - a +0 trident
 r - a +1 flail of draining (weapon)
 v - a +2 halberd
 x - a +0 longbow
 L - a +0 whip
Missiles
 c - 28 arrows
 g - 2 needles of paralysis
 t - 10 arrows of flame
 D - 49 arrows of frost
Armour
 k - a +0 scale mail
 m - a +1 cloak (worn)
 o - a +0 pair of gloves (worn)
 q - a cursed -1 ring mail (worn)
 J - a +0 chain mail
 K - the +0 ring mail of Liberty {Dex-1 Int+3}
   (You bought it in a shop on level 5 of the Dungeon)

   It affects your intelligence (+3).
   It affects your dexterity (-1).
Magical devices
 w - a wand of frost (7)
 z - a wand of confusion (11)
 G - a wand of cold (8)
Comestibles
 f - 11 bread rations
 s - 7 meat rations
 A - 3 slices of pizza
Scrolls
 e - 3 scrolls of enchant weapon
 h - 5 scrolls of teleportation
 j - a scroll of magic mapping
 y - 2 scrolls of enchant armour
 H - a scroll of identify
Jewellery
 I - a +5 ring of protection (left hand)
 M - an uncursed amulet of warding
 N - a cursed amulet of inaccuracy (around neck)
 O - an uncursed amulet of the gourmand
Potions
 p - 2 potions of cancellation
 u - a potion of cure mutation
 B - 2 potions of restore abilities
 C - a potion of flight
 E - a potion of curing
 F - a potion of brilliance {unknown}


   Skills:
 * Level 10.6(15.6) Fighting
 - Level 0.3(5.3) Maces & Flails
 - Level 11.0(16.0) Bows
 - Level 1.3(6.3) Dodging
 - Level 0.5(5.5) Stealth
 * Level 10.5 Invocations


You had 9 spell levels left.
You didn't know any spells.

Dungeon Overview and Level Annotations

Branches:
Dungeon (8/15)             Temple (0/1) D:7            Lair (1/8) D:8

Altars:
Cheibriados
Elyvilon
Fedhas
Makhleb
Nemelex Xobeh
Okawaru
Trog
Vehumet
The Shining One

Shops:
D:4 *   D:5 [


Innate Abilities, Weirdness & Mutations

You have hooves in place of feet.
Armour fits poorly on your strangely shaped body.
You cover ground very quickly.
You have extremely tough skin (AC +3).


Message History

Use which ability? (? or * to list)
You gain the combat prowess of a mighty hero.
You feel slightly more hungry. The black mamba bites you.
* * * LOW HITPOINT WARNING * * *
The black mamba misses you.
You completely miss the black mamba.
The black mamba is heavily wounded.
The black mamba closely misses you.
The black mamba bites you but does no damage.
You completely miss the black mamba.
The black mamba is heavily wounded.
The black mamba bites you!
* * * LOW HITPOINT WARNING * * *
You are lethally poisoned!
The black mamba poisons you! The black mamba misses you.
You closely miss the black mamba. You kick the black mamba.
The black mamba is severely wounded.
* * * LOW HITPOINT WARNING * * *
You feel sick. The black mamba bites you!
You die...

...# #####..
....######.......
..................
..##...#...........
###......###.... .
#P......# ...... .
####......##.....
.(...##...#..........#
#(..(S@........##.##
#.#....^..).<......#
#......##....#....##
#...?..###........##
....... #.....#.#..(
...... #......##....
..... #####.## .8..
.... .## ... . ? ..


You could see a black mamba.

Vanquished Creatures
  A flayed ghost (D:8)
  A hill giant (D:8)
  A wyvern (D:8)
  8 yaks
  A spriggan (D:7)
  A hippogriff (D:7)
  The ghost of TAS2012 the Sneak, an average OpAs of Fedhas (D:5)
  A vampire mosquito (D:8)
  A deep elf fighter (D:8)
  2 sky beasts (D:8)
  4 phantoms
  4 ice beasts
  4 ogres
  2 centaurs (D:5)
  4 giant frogs
  2 scorpions
  A hippogriff zombie (D:8)
  A troll zombie (D:8)
  5 wights (D:6)
  4 crimson imps
  3 goliath beetles
  A kobold zombie (D:8)
  An elf zombie (D:6)
  2 jellies
  2 orc wizards
  6 hounds
  A giant frog skeleton (D:6)
  2 iguanas (D:5)
  6 worker ants
  5 orc priests
  A crocodile skeleton (D:6)
  An ogre skeleton (D:5)
  Terence (D:2)
  A hound zombie (D:6)
  2 green rats (D:8)
  13 adders
  7 gnolls
  2 giant mites
  An inept feature mimic (D:8)
  2 worms
  A goliath beetle zombie (D:5)
  A shadow imp (D:6)
  An iguana zombie (D:6)
  7 giant geckos
  19 orcs
  3 ball pythons
  5 giant cockroaches
  17 goblins
  11 hobgoblins
  11 jackals
  8 kobolds
  2 quokkas (D:8)
  23 bats
  2 giant gecko zombies
  8 giant newts
  A goblin skeleton (D:5)
  2 orc zombies (D:5)
  25 rats
  2 fungi (D:8)
  3 plants (D:8)
261 creatures vanquished.

Vanquished Creatures (others)
  A fungus (D:8)
  8 plants (D:8)
9 creatures vanquished.

Grand Total: 270 creatures vanquished

Notes
Turn   | Place    | Note
--------------------------------------------------------------
     0 | D:1      | Nebuchadnezzar, the Centaur Hunter, began the quest for the Orb.
     0 | D:1      | Reached XP level 1. HP: 16/16 MP: 1/1
   383 | D:1      | Reached XP level 2. HP: 17/23 MP: 2/2
   531 | D:1      | Reached skill level 6 in Bows
   771 | D:2      | Reached XP level 3. HP: 26/28 MP: 3/3
   863 | D:2      | Noticed Terence
   899 | D:2      | Killed Terence
   899 | D:2      | Reached skill level 7 in Bows
  1588 | D:3      | Reached XP level 4. HP: 33/35 MP: 3/3
  1721 | D:3      | Reached skill level 8 in Bows
  1728 | D:3      | Reached XP level 5. HP: 24/40 MP: 4/4
  2381 | D:4      | Found Mebas' Assorted Antiques.
  2384 | D:4      | Bought a scroll labeled CIASUSYFAY for 31 gold pieces
  2454 | D:4      | Reached skill level 9 in Bows
  2761 | D:4      | Noticed a phantom
  2772 | D:4      | Killed a phantom
  2772 | D:4      | Reached XP level 6. HP: 47/47 MP: 5/5
  2930 | D:4      | Found an iron altar of Okawaru.
  2941 | D:4      | Became a worshipper of Warmaster Okawaru
  2998 | D:4      | Reached skill level 10 in Bows
  3379 | D:4      | Found a radiant altar of Vehumet.
  3739 | D:5      | Entered Level 5 of the Dungeon
  3840 | D:5      | Reached XP level 7. HP: 52/52 MP: 5/5
  3898 | D:5      | Reached skill level 11 in Bows
  4019 | D:5      | Reached skill level 1 in Invocations
  4117 | D:5      | Noticed TAS2012's ghost (average OpAs)
  4137 | D:5      | Killed TAS2012's ghost
  4137 | D:5      | Acquired Okawaru's first power
  4351 | D:5      | Found Qodwuist's Antique Armour Boutique.
  4537 | D:5      | Reached XP level 8. HP: 35/66 MP: 12/12
  4745 | D:5      | Found a burning altar of Makhleb.
  5175 | D:5      | Reached skill level 5 in Invocations
  5245 | D:6      | Found a sparkling altar of Nemelex Xobeh.
  5294 | D:6      | Reached skill level 5 in Fighting
  5782 | D:6      | Reached XP level 9. HP: 72/75 MP: 18/18
  5972 | D:6      | Found a white marble altar of Elyvilon.
  5972 | D:6      | Found a snail-covered altar of Cheibriados.
  6761 | D:7      | Found a glowing golden altar of the Shining One.
  6768 | D:7      | Found a bloodstained altar of Trog.
  6836 | D:7      | Found a staircase to the Ecumenical Temple.
  7025 | D:7      | Found an iron altar of Okawaru.
  7376 | D:5      | Bought a bronze ring mail for 162 gold pieces
  7387 | D:5      | Identified the +0 ring mail of Liberty {Dex-1 Int+3} (You bought it in a shop on level 5 of the Dungeon)
  7825 | D:7      | Received a gift from Okawaru
  8022 | D:8      | Found a staircase to the Lair.
  8229 | D:8      | Received a gift from Okawaru
  8376 | D:8      | Found a blossoming altar of Fedhas.
  8468 | D:8      | Found Xoqed's Assorted Antiques.
  8475 | D:8      | Xoqed's Assorted Antiques was a mimic.
  8523 | D:8      | Reached XP level 10. HP: 76/90 MP: 21/21
  8761 | D:8      | Noticed a hill giant
  8827 | D:8      | Killed a hill giant
  8905 | D:8      | Noticed a flayed ghost
  8935 | D:8      | Reached skill level 10 in Invocations
  8955 | D:8      | Killed a flayed ghost
  9208 | D:8      | Reached skill level 10 in Fighting
  9910 | Lair:1   | Entered Level 1 of the Lair of Beasts
 10175 | Lair:1   | Received a gift from Okawaru
 10486 | Lair:1   | Noticed a black mamba
 10508 | Lair:1   | HP: 4/94 [black mamba (14)]
 10509 | Lair:1   | Slain by a black mamba

Action                   |  1- 3 |  4- 6 |  7- 9 | 10-12 || total
-------------------------+-------+-------+-------+-------++-------
Melee: Whip              |    70 |     2 |       |       ||    72
       Halberd           |       |       |    13 |       ||    13
       Flail             |       |       |    41 |    88 ||   129
 Fire: Shortbow          |    61 |   119 |       |       ||   180
       Longbow           |       |    88 |   486 |   139 ||   713
Invok: Heroism           |       |       |       |     5 ||     5
Evoke: Wand              |       |     1 |     5 |       ||     6
  Use: Scroll            |     8 |     8 |     9 |     1 ||    26
       Potion            |       |       |       |     6 ||     6
  Eat: Chunk             |     1 |     5 |     9 |     4 ||    19
       Beef jerky        |       |       |     2 |     1 ||     3
